3AA
GLENDALE HERONS @ SAN ANTONIO BC
09/04/2022
 
TOP OF THE 1ST
Glendale Herons batting - Pitching for San Antonio BC : LHP Ismael Padilla
Pitching: LHP Ismael Padilla
Batting: RHB José Villegas 0-0: Called Strike
0-1: Ball
1-1: Ground out 1-3 (Groundball, 15)
Batting: SHB Kunimichi Chikafuji 0-0: Ball
1-0: Fly out, F8 (Line Drive, 8LM)
Batting: RHB José Masaferro 0-0: Ball
1-0: Foul Ball, location: 2F
1-1: Called Strike
1-2: Foul Ball, location: 2F
1-2: Fly out, F8 (Flyball, 8LM)
Top of the 1st over - 0 run(s), 0 hit(s), 0 error(s), 0 left on base; Glendale 0 - San Antonio 0
BOTTOM OF THE 1ST
San Antonio BC batting - Pitching for Glendale Herons : RHP David Davis
Pitching: RHP David Davis
Batting: LHB Miguel García 0-0: Called Strike
0-1: Ball
1-1: Called Strike
1-2: Ball
2-2: Fly out, F9 (Flyball, 89M)
Batting: LHB Enrique Sánchez 0-0: Foul Ball, location: 2F
0-1: Ground out 6-3 (Groundball, 56D)
Batting: RHB Alfredo Rivera 0-0: Ball
1-0: Ball
2-0: Ball
3-0: Base on Balls
Batting: RHB Jeff Green 0-0: Ground out 6-3 (Groundball, 6)
Bottom of the 1st over - 0 run(s), 0 hit(s), 0 error(s), 1 left on base; Glendale 0 - San Antonio 0
TOP OF THE 2ND
Glendale Herons batting - Pitching for San Antonio BC : LHP Ismael Padilla
Batting: LHB Victor Adams 0-0: Swinging Strike
0-1: Ground out 4-3 (Groundball, 4)
Batting: RHB Gilbert Graham 0-0: SINGLE (Groundball, 56D)
Batting: RHB Héctor Moreno 0-0: Ball
1-0: Ball
2-0: Ball
3-0: Base on Balls
Gilbert Graham to second
Batting: RHB Rob Thomason 0-0: Ball
1-0: Called Strike
1-1: Ball
2-1: Called Strike
2-2: Ball
3-2: DOUBLE (Groundball, 5L)
Gilbert Graham scores
Héctor Moreno to third
Batting: SHB Wilbert Carter 0-0: Foul Ball, location: 2F
0-1: Ball
1-1: Foul Ball, location: 2F
1-2: Strikes out swinging
Batting: LHB Job Pels 0-0: Fly out, F9 (Flyball, 9M)
Top of the 2nd over - 1 run(s), 2 hit(s), 0 error(s), 2 left on base; Glendale 1 - San Antonio 0
BOTTOM OF THE 2ND
San Antonio BC batting - Pitching for Glendale Herons : RHP David Davis
Batting: RHB Orlando Padilla 0-0: Swinging Strike
0-1: Ground out 2-3 (Groundball, 23)
Batting: RHB Alfredo Mojica 0-0: Ball
1-0: Fly out, F9 (Flyball, 9M)
Batting: RHB Martín Álvarez 0-0: Swinging Strike
0-1: Fly out, F7 (Flyball, 7LM)
Bottom of the 2nd over - 0 run(s), 0 hit(s), 0 error(s), 0 left on base; Glendale 1 - San Antonio 0
TOP OF THE 3RD
Glendale Herons batting - Pitching for San Antonio BC : LHP Ismael Padilla
Batting: RHB José Villegas 0-0: Ball
1-0: Foul Ball, location: 2F
1-1: Foul Ball, location: 2F
1-2: Foul Ball, location: 2F
1-2: Fly out, F9 (Flyball, 89S)
Batting: SHB Kunimichi Chikafuji 0-0: Ground out 5-3 (Groundball, 5)
Batting: RHB José Masaferro 0-0: Ball
1-0: Ball
2-0: Ball
3-0: Called Strike
3-1: Foul Ball, location: 2F
3-2: SINGLE (Flyball, 89M)
Batting: LHB Victor Adams 0-0: Ball
1-0: Called Strike
José Masaferro steals 2nd base
1-1: Fly out, F3 (Line Drive, 3S)
Top of the 3rd over - 0 run(s), 1 hit(s), 0 error(s), 1 left on base; Glendale 1 - San Antonio 0
BOTTOM OF THE 3RD
San Antonio BC batting - Pitching for Glendale Herons : RHP David Davis
Batting: RHB Dennis Morrow 0-0: Reached on Error, E9 (Flyball, 89M)
Batting: LHB Álex Ramírez 0-0: Called Strike
0-1: Ball
1-1: Foul Ball, location: 2F
1-2: SINGLE (Groundball, 34)
Dennis Morrow to second
Runner from 2nd tries for 3rd, SAFE, throw made to third
Batting: LHB Miguel García 0-0: Ball
Álex Ramírez steals 2nd base
1-0: Ball
2-0: Swinging Strike
2-1: Foul Ball, location: 2F
2-2: Foul Ball, location: 2F
2-2: Strikes out looking
Batting: LHB Enrique Sánchez 0-0: Ball
1-0: SINGLE (Flyball, 8LS)
Dennis Morrow scores
Álex Ramírez to third
Runner from 3rd tries for Home, SAFE, no throw or cutoff
Batting: RHB Alfredo Rivera 0-0: Ball
1-0: SINGLE (Groundball, 25) (infield hit)
Enrique Sánchez to second
Batting: RHB Jeff Green 0-0: Called Strike
0-1: Ball
1-1: Fly out, F3 (Popup, 3DF)
Batting: RHB Orlando Padilla 0-0: Called Strike
0-1: Ball
1-1: Fly out, F8 (Flyball, 8LM)
Bottom of the 3rd over - 2 run(s), 3 hit(s), 1 error(s), 2 left on base; Glendale 1 - San Antonio 2
TOP OF THE 4TH
Glendale Herons batting - Pitching for San Antonio BC : LHP Ismael Padilla
Batting: RHB Gilbert Graham 0-0: Called Strike
0-1: Foul Ball, location: 2F
0-2: Ball
1-2: Ground out 4-3 (Groundball, 4M)
Batting: RHB Héctor Moreno 0-0: Foul Ball, location: 2F
0-1: Foul Ball, location: 2F
0-2: Ball
1-2: Ball
2-2: Ball
3-2: Foul Ball, location: 2F
3-2: Ground out 5-3 (Groundball, 5S)
Batting: RHB Rob Thomason 0-0: Called Strike
0-1: Ground out 5-3 (Groundball, 5)
Top of the 4th over - 0 run(s), 0 hit(s), 0 error(s), 0 left on base; Glendale 1 - San Antonio 2
BOTTOM OF THE 4TH
San Antonio BC batting - Pitching for Glendale Herons : RHP David Davis
Batting: RHB Alfredo Mojica 0-0: Called Strike
0-1: Ball
1-1: Ball
2-1: Ball
3-1: SINGLE (Groundball, 3)
Batting: RHB Martín Álvarez 0-0: Ball
Wild Pitch!
Alfredo Mojica to second
1-0: Ball
2-0: Ground out 4-3 (Groundball, 4)
Alfredo Mojica to third
Batting: RHB Dennis Morrow 0-0: Foul Ball, location: 2F
0-1: Ball
1-1: Ground out 6-3 (Groundball, 6)
Alfredo Mojica scores
Batting: LHB Álex Ramírez 0-0: Ball
1-0: Called Strike
1-1: Swinging Strike
1-2: Ball
2-2: Ball
Reached via error on a dropped throw, E3
Batting: LHB Miguel García 0-0: Ball
1-0: Foul Ball, location: 2F
1-1: Called Strike
1-2: Ground out 1-3 (Groundball, 15S)
Bottom of the 4th over - 1 run(s), 1 hit(s), 1 error(s), 1 left on base; Glendale 1 - San Antonio 3
TOP OF THE 5TH
Glendale Herons batting - Pitching for San Antonio BC : LHP Ismael Padilla
Batting: SHB Wilbert Carter 0-0: Ball
1-0: Ground out 6-3 (Groundball, 6)
Batting: LHB Job Pels 0-0: Ball
1-0: Fly out, F9 (Flyball, 89M)
Batting: RHB José Villegas 0-0: Foul Ball, location: 2F
0-1: Called Strike
0-2: Ball
1-2: Ball
2-2: Foul Ball, location: 2F
2-2: Ball
3-2: Base on Balls
Batting: SHB Kunimichi Chikafuji 0-0: Called Strike
0-1: Swinging Strike
0-2: Fly out, F8 (Flyball, 8LM)
Top of the 5th over - 0 run(s), 0 hit(s), 0 error(s), 1 left on base; Glendale 1 - San Antonio 3
BOTTOM OF THE 5TH
San Antonio BC batting - Pitching for Glendale Herons : RHP David Davis
Batting: LHB Enrique Sánchez 0-0: Called Strike
0-1: Ground out U3 (Groundball, 3L)
Batting: RHB Alfredo Rivera 0-0: Ball
1-0: SINGLE (Line Drive, 9LS)
Batting: RHB Jeff Green 0-0: Ball
1-0: Ball
2-0: Ball
3-0: Called Strike
3-1: Base on Balls
Alfredo Rivera to second
Batting: RHB Orlando Padilla 0-0: Ball
1-0: Grounds into double play, U5-3 (Groundball, 5L)
Bottom of the 5th over - 0 run(s), 1 hit(s), 0 error(s), 1 left on base; Glendale 1 - San Antonio 3
TOP OF THE 6TH
Glendale Herons batting - Pitching for San Antonio BC : LHP Ismael Padilla
Batting: RHB José Masaferro 0-0: Swinging Strike
0-1: Foul Ball, location: 2F
0-2: Strikes out swinging
Batting: LHB Victor Adams 0-0: Ball
1-0: Ball
2-0: Swinging Strike
2-1: DOUBLE (Line Drive, 3L)
Batting: RHB Gilbert Graham 0-0: Ball
1-0: Ball
2-0: Ground out 6-3 (Groundball, 6)
Batting: RHB Héctor Moreno 0-0: Foul Ball, location: 2F
0-1: Hit by Pitch
Batting: RHB Rob Thomason 0-0: Ball
1-0: Called Strike
1-1: Swinging Strike
1-2: Ball
2-2: Ball
3-2: Foul Ball, location: 2F
3-2: Foul Ball, location: 2F
3-2: Foul Ball, location: 2F
3-2: Fly out, F9 (Flyball, 9M)
Top of the 6th over - 0 run(s), 1 hit(s), 0 error(s), 2 left on base; Glendale 1 - San Antonio 3
BOTTOM OF THE 6TH
San Antonio BC batting - Pitching for Glendale Herons : RHP David Davis
Batting: RHB Alfredo Mojica 0-0: Called Strike
0-1: Ball
1-1: Called Strike
1-2: Ground out 5-3 (Groundball, 5L)
Batting: RHB Martín Álvarez 0-0: Foul Ball, location: 2F
0-1: Ground out 5-3 (Groundball, 56)
Batting: RHB Dennis Morrow 0-0: Ball
1-0: SINGLE (Line Drive, 34D)
Batting: LHB Álex Ramírez 0-0: Ball
1-0: Foul Ball, location: 2F
1-1: Ball
2-1: Swinging Strike
2-2: Ball
3-2: DOUBLE (Popup, 7S)
Dennis Morrow to third
Dennis Morrow scores
Batting: LHB Miguel García 0-0: Ball
1-0: Ball
2-0: Called Strike
2-1: Reached on error, E3 (Groundball, 3)
Álex Ramírez to third
Batting: LHB Enrique Sánchez 0-0: 3-RUN HOME RUN (Flyball, 9D), Distance : 384 ft
Pitching: RHP Ralph Harvey
Batting: RHB Alfredo Rivera 0-0: Ground out 5-3 (Groundball, 5S)
Bottom of the 6th over - 4 run(s), 3 hit(s), 1 error(s), 0 left on base; Glendale 1 - San Antonio 7
TOP OF THE 7TH
Glendale Herons batting - Pitching for San Antonio BC : LHP Ismael Padilla
Batting: SHB Wilbert Carter 0-0: Called Strike
0-1: Ball
1-1: Called Strike
1-2: Foul Ball, location: 2F
Single, Error in OF, E9, batter to second base
Pitching: RHP Luis Ramírez
Batting: LHB Job Pels 0-0: Fly out, F8 (Flyball, 8LM)
Batting: RHB José Villegas 0-0: Ball
Wilbert Carter is caught stealing 3rd base
1-0: Swinging Strike
1-1: Swinging Strike
1-2: Ground out 5-3 (Groundball, 5)
Top of the 7th over - 0 run(s), 1 hit(s), 1 error(s), 0 left on base; Glendale 1 - San Antonio 7
BOTTOM OF THE 7TH
San Antonio BC batting - Pitching for Glendale Herons : RHP Ralph Harvey
Batting: RHB Jeff Green 0-0: Swinging Strike
0-1: Fly out, F8 (Flyball, 8LM)
Batting: RHB Orlando Padilla 0-0: Ball
1-0: Called Strike
1-1: Ball
2-1: DOUBLE (Groundball, 5L)
Batting: RHB Alfredo Mojica 0-0: Called Strike
0-1: Ball
1-1: Swinging Strike
1-2: Ball
2-2: Strikes out swinging
Batting: RHB Martín Álvarez 0-0: Ball
1-0: Foul Ball, location: 2F
1-1: Ball
2-1: Ground out 5-3 (Groundball, 5)
Bottom of the 7th over - 0 run(s), 1 hit(s), 0 error(s), 1 left on base; Glendale 1 - San Antonio 7
TOP OF THE 8TH
Glendale Herons batting - Pitching for San Antonio BC : RHP Luis Ramírez
Batting: SHB Kunimichi Chikafuji 0-0: Swinging Strike
0-1: Called Strike
0-2: Ball
1-2: Foul Ball, location: 2F
1-2: SOLO HOME RUN (Flyball, 9LD), Distance : 348 ft
Batting: RHB José Masaferro 0-0: Called Strike
0-1: Ball
1-1: Foul Ball, location: 2F
1-2: Strikes out swinging
Batting: LHB Victor Adams 0-0: Fly out, F8 (Flyball, 8RXD)
Batting: RHB Gilbert Graham 0-0: Ball
1-0: Ball
2-0: Called Strike
2-1: Ball
3-1: Foul Ball, location: 2F
3-2: Fly out, F7 (Flyball, 7LM)
Top of the 8th over - 1 run(s), 1 hit(s), 0 error(s), 0 left on base; Glendale 2 - San Antonio 7
BOTTOM OF THE 8TH
San Antonio BC batting - Pitching for Glendale Herons : RHP Ralph Harvey
Batting: RHB Dennis Morrow 0-0: Called Strike
0-1: Foul Ball, location: 2F
0-2: SINGLE (Groundball, 3D)
Batting: LHB Álex Ramírez 0-0: Sac Bunt - play at first, batter OUT! 1-3
Dennis Morrow to second
Batting: LHB Miguel García 0-0: Foul Ball, location: 2F
0-1: Ball
1-1: Ball
2-1: Ball
3-1: Base on Balls
Batting: LHB Enrique Sánchez 0-0: Ball
1-0: Reached on error, E4 (Groundball, 4)
Dennis Morrow to third
Miguel García to second
Batting: RHB Alfredo Rivera 0-0: Ball
1-0: Ball
2-0: Ball
3-0: Base on Balls
Dennis Morrow scores
Miguel García to third
Enrique Sánchez to second
Batting: RHB Jeff Green 0-0: Called Strike
0-1: Ball
1-1: Foul Ball, location: 2F
1-2: Foul Ball, location: 2F
1-2: GRAND SLAM HOME RUN (Flyball, 9LD), Distance : 357 ft
Pitching: RHP Lindsay Turner
Batting: RHB Orlando Padilla 0-0: Ball
1-0: Ball
2-0: Ball
3-0: Called Strike
3-1: Base on Balls
Batting: RHB Alfredo Mojica 0-0: Ball
1-0: Foul Ball, location: 2F
1-1: Swinging Strike
1-2: Ball
2-2: Ball
3-2: Foul Ball, location: 2F
3-2: Fly out, F6 (Popup, 7S)
Batting: RHB Martín Álvarez 0-0: Fielders Choice at 2nd, U6 (Groundball, 6M)
Bottom of the 8th over - 5 run(s), 2 hit(s), 1 error(s), 1 left on base; Glendale 2 - San Antonio 12
TOP OF THE 9TH
Glendale Herons batting - Pitching for San Antonio BC : RHP Luis Ramírez
Now at 1B: Luis Campos
Now in RF: Gonzalo Durán
Batting: RHB Héctor Moreno 0-0: Called Strike
0-1: Foul Ball, location: 2F
0-2: Ball
1-2: Strikes out swinging
Batting: RHB Rob Thomason 0-0: Ball
1-0: Called Strike
1-1: Ground out 3-1 (Groundball, 34)
Batting: SHB Wilbert Carter 0-0: Ball
1-0: Ball
2-0: Foul Ball, location: 2F
2-1: Called Strike
2-2: Ball
3-2: Base on Balls
Batting: LHB Job Pels 0-0: Ball
1-0: Ball
2-0: Foul Ball, location: 2F
2-1: Ground out 4-3 (Groundball, 4)
Top of the 9th over - 0 run(s), 0 hit(s), 0 error(s), 1 left on base; Glendale 2 - San Antonio 12
This league is powered by Out of the Park Baseball, the baseball management simulation game for PC, Mac and Linux
Friday, April 15th, 2016 - OOTP Baseball 16.9 Build 39